[Event "November 21 Early 2023"]
[Site "https://www.chess.com"]
[Date "2023.11.21"]
[Round "7"]
[White "Zaksaite, Salomeja"]
[Black "Baches Garcia, Guillermo"]
[Result "1/2-1/2"]
[Board "111"]
[TimeControl "180+1"]
[WhiteFideId "12801496"]
[BlackFideId "2209764"]
[WhiteElo "2065"]
[BlackElo "2522"]
[WhiteTeam "LTU"]
[BlackTeam "ESP"]
[WhiteClock "0:00:04"]
[BlackClock "0:00:10"]

1. d4 d5 2. e3 Nf6 3. Nf3 e6 4. Nbd2 Bd6 5. Ne5 c5 6. c3 Qc7 7. f4 O-O 8. Bd3 b6 9. O-O Ba6 10. Bxa6 Nxa6 11. g4 Ne4 12. Nxe4 dxe4 13. Qe2 Qb7 14. Bd2 f6 15. Nc4 Be7 16. Be1 Nc7 17. f5 exf5 18. Rxf5 cxd4 19. exd4 Rae8 20. Ne3 g6 21. Rf1 Bd6 22. Bh4 Kg7 23. Nc4 Qd5 24. Nxd6 Qxd6 25. Bg3 Qd7 26. Rad1 Nd5 27. c4 Nb4 28. d5 Nd3 29. b3 Re7 30. d6 Re6 31. Qe3 Rfe8 32. Qd4 Nc5 33. b4 e3 34. bxc5 bxc5 35. Qxc5 e2 36. Qc7 exf1=Q+ 37. Rxf1 Qxc7 38. dxc7 Rc6 39. Rd1 Rxc4 40. Rd7+ Kg8 41. Rd8 Kf7 42. Rd7+ Ke6 43. Rxh7 Rc8 44. h3 Rc2 45. a4 a5 46. h4 Rc4 47. g5 fxg5 48. hxg5 Rg4 49. Kg2 Rxg5 50. Kf3 Rc5 51. Rg7 Rc3+ 52. Kg4 Kf6 53. Rd7 Rc4+ 54. Kf3 Ke6 55. Rd6+ Ke7 56. Rxg6 Rxa4 57. Rb6 Kd7 58. Rb8 Rc4 59. Rb5 a4 60. Ra5 Rc3+ 61. Kf2 a3 62. Be5 Rc2+ 63. Ke3 a2 64. Kd3 R8xc7 65. Bxc7 Rxc7 66. Rxa2 Rc6 67. Kd4 Rd6+ 68. Ke5 Re6+ 69. Kd5 Rd6+ 70. Ke5 Re6+ 71. Kd5 Rd6+ 72. Ke5 1/2-1/2

[Event "November 21 Early 2023"]
[Site "https://www.chess.com"]
[Date "2023.11.21"]
[Round "7"]
[White "secrethawk1"]
[Black "Hajiyev, Kanan"]
[Result "1-0"]
[Board "112"]
[TimeControl "180+1"]
[BlackFideId "13404148"]
[WhiteElo "2391"]
[BlackElo "2102"]
[BlackTeam "AZE"]
[WhiteClock "0:00:03"]
[BlackClock "0:00:20"]

1. d4 d5 2. Bf4 c5 3. e3 cxd4 4. exd4 Nc6 5. Nf3 Bg4 6. c3 e6 7. Nbd2 Nf6 8. h3 Bh5 9. Bd3 Bd6 10. Bxd6 Qxd6 11. O-O O-O 12. Re1 Rab8 13. a4 Rfe8 14. Qc2 Qc7 15. Ne5 Rec8 16. Rac1 Bg6 17. Nxg6 hxg6 18. b4 Qf4 19. Qd1 Nh5 20. Nb3 Qg5 21. Bf1 b6 22. Kh1 Qf4 23. Qe2 a5 24. bxa5 Nxa5 25. Nd2 Nc4 26. Nxc4 Rxc4 27. g4 Nf6 28. Qe5 Qxe5 29. dxe5 Nd7 30. Bxc4 dxc4 31. Rb1 Ra8 32. Rb4 Rc8 33. f4 Rc5 34. Rd1 Rc7 35. Rd4 g5 36. Rdxc4 Ra7 37. Rc8+ Kh7 38. f5 exf5 39. gxf5 Nxe5 40. Rxb6 g4 41. h4 f6 42. Rbb8 Nf7 43. Rf8 Kh6 44. Rh8+ Nxh8 45. Rxh8# 1-0

[Event "November 21 Early 2023"]
[Site "https://www.chess.com"]
[Date "2023.11.21"]
[Round "7"]
[White "Graca, Robert"]
[Black "Tarasova, Viktoriya"]
[Result "1-0"]
[Board "113"]
[TimeControl "180+1"]
[WhiteFideId "644943"]
[BlackFideId "4175840"]
[WhiteElo "2204"]
[BlackElo "2182"]
[WhiteTeam "FRA"]
[BlackTeam "RUS"]
[WhiteClock "0:00:06"]
[BlackClock "0:00:03"]

1. Nf3 Nf6 2. c4 e6 3. Nc3 b6 4. e4 d6 5. d4 Bb7 6. Bd3 Nbd7 7. O-O e5 8. d5 Be7 9. Bd2 O-O 10. b4 Ne8 11. Ne1 g6 12. a4 f5 13. a5 Nef6 14. exf5 gxf5 15. Bxf5 Kh8 16. axb6 axb6 17. Rxa8 Bxa8 18. Nc2 Ng8 19. Qh5 Ndf6 20. Qh3 Bb7 21. Ne4 Bc8 22. Ng5 Bxf5 23. Qxf5 Qc8 24. Qxc8 Rxc8 25. Ra1 b5 26. Ne3 bxc4 27. Rc1 h6 28. Ne6 Ne4 29. Nxc4 Ngf6 30. Bxh6 Nxd5 31. b5 Rb8 32. Ne3 Ndc3 33. Kf1 Kh7 34. f3 Nd2+ 35. Ke1 Nxb5 36. Kxd2 Kxh6 37. Nf5+ Kg6 38. Nxe7+ Kf6 39. Nc6 Ra8 40. Ned8 Ra2+ 41. Rc2 Ra1 42. Ke2 Na3 43. Rd2 Nc4 44. Rc2 Na3 45. Rc3 Ra2+ 46. Kf1 Nb5 47. Rc4 Na3 48. Rh4 Nc2 49. Nb4 Ne3+ 50. Kg1 Rxg2+ 51. Kh1 Rb2 52. h3 Rb1+ 53. Kh2 Rb2+ 54. Kg1 Rb1+ 55. Kf2 Nf5 56. Rc4 Rb2+ 57. Kf1 c5 58. Nd5+ Kg6 59. Ne6 Rb1+ 60. Ke2 Rb2+ 61. Kd1 Rh2 62. Nd8 Rxh3 63. Nb7 Rh1+ 64. Ke2 Rh2+ 65. Kf1 Rh3 66. Kg2 Rg3+ 67. Kf2 Rh3 68. Ne3 Nxe3 69. Kxe3 d5 70. Rxc5 d4+ 71. Ke4 Kf6 72. Nd6 Rh4+ 73. Kd3 Ke6 74. Ne4 Rf4 75. Nd2 Rf8 76. Rc6+ Kd5 77. Ra6 Rb8 78. Ra3 Rb7 79. Ne4 Rb1 80. Ra5+ Ke6 81. Ra6+ Kf5 82. Rf6# 1-0

[Event "November 21 Early 2023"]
[Site "https://www.chess.com"]
[Date "2023.11.21"]
[Round "7"]
[White "Ovezdurdyyeva, Jemal"]
[Black "Pinto, Daniel"]
[Result "0-1"]
[Board "114"]
[TimeControl "180+1"]
[WhiteFideId "14001888"]
[BlackFideId "3303144"]
[WhiteElo "2086"]
[BlackElo "2149"]
[WhiteTeam "TKM"]
[BlackTeam "BOL"]
[WhiteClock "0:01:52"]
[BlackClock "0:02:21"]

1. e4 c6 2. d4 d5 3. Nc3 dxe4 4. Nxe4 Bf5 5. Ng3 Bg6 6. Nf3 Nd7 7. Bd3 Bxd3 8. Qxd3 e6 9. O-O Ngf6 10. c4 Be7 11. Bf4 O-O 12. a3 a5 13. Rfd1 a4 14. Rab1 Re8 15. b4 axb3 16. Rxb3 b6 17. Ne4 Nxe4 18. Qxe4 Nc5 0-1

[Event "November 21 Early 2023"]
[Site "https://www.chess.com"]
[Date "2023.11.21"]
[Round "7"]
[White "Erzhanov, Arman"]
[Black "Matthes, Aaron"]
[Result "1-0"]
[Board "115"]
[TimeControl "180+1"]
[WhiteFideId "4138821"]
[BlackFideId "16227310"]
[WhiteElo "2171"]
[BlackElo "2367"]
[WhiteTeam "KAZ"]
[BlackTeam "GER"]
[WhiteClock "0:01:21"]
[BlackClock "0:00:35"]

1. e4 c6 2. d4 d5 3. exd5 cxd5 4. Bd3 Nf6 5. c3 Nc6 6. h3 g6 7. Nf3 Bg7 8. O-O O-O 9. Qc2 Be6 10. Re1 Qd7 11. Bb5 Bf5 12. Qd1 Bxb1 13. Rxb1 e6 14. Bf4 a6 15. Ne5 Qc8 16. Bd3 Nxe5 17. Bxe5 Nd7 18. Bh2 b5 19. h4 Rb8 20. a3 a5 21. Bxb8 Qxb8 22. Qe2 b4 23. axb4 axb4 24. Red1 Qc7 25. Rbc1 Rb8 26. h5 Qb6 27. hxg6 hxg6 28. Qg4 Bh6 29. Rc2 Bg7 30. g3 Nf6 31. Qf4 Ra8 32. Kg2 Ra2 33. Qd2 Ng4 34. Be2 b3 35. Rcc1 Bh6 36. f4 Nf6 37. Bd3 Bf8 38. Bb1 Ra8 39. Rh1 Bg7 40. Qe2 Nh5 41. Rxh5 gxh5 42. Qxh5 Qb5 43. Re1 Ra1 44. Bh7+ Kf8 45. Rxa1 Qd3 46. Bxd3 1-0

[Event "November 21 Early 2023"]
[Site "https://www.chess.com"]
[Date "2023.11.21"]
[Round "7"]
[White "Herman, Matthew"]
[Black "Viskelis, Darius"]
[Result "1-0"]
[Board "116"]
[TimeControl "180+1"]
[WhiteFideId "2028964"]
[BlackFideId "12800830"]
[WhiteElo "2368"]
[BlackElo "1859"]
[WhiteTeam "USA"]
[BlackTeam "LTU"]
[WhiteClock "0:02:01"]
[BlackClock "0:02:21"]

1. e4 e5 2. Nf3 Nf6 3. Nxe5 Nxe4 4. Qe2 Qe7 5. Qxe4 d6 6. d4 Nc6 7. Nc3 dxe5 8. dxe5 Qxe5 9. Qxe5+ Nxe5 10. Nb5 Bb4+ 11. c3 Ba5 12. Bf4 Bd7 13. Bxe5 O-O-O 14. O-O-O f6 15. Bg3 Bf5 16. Nd4 Bg6 17. Bc4 c5 18. Be6+ 1-0

[Event "November 21 Early 2023"]
[Site "https://www.chess.com"]
[Date "2023.11.21"]
[Round "7"]
[White "Palacio,Igor Da Paz"]
[Black "Kochiev, Ivan"]
[Result "1-0"]
[Board "117"]
[TimeControl "180+1"]
[WhiteFideId "2121140"]
[BlackFideId "2917890"]
[WhiteElo "2126"]
[BlackElo "2285"]
[WhiteTeam "BRA"]
[BlackTeam "BUL"]
[WhiteClock "0:00:08"]
[BlackClock "0:00:04"]

1. e4 c5 2. Nc3 Nc6 3. g3 g6 4. d3 Bg7 5. Bg2 Nf6 6. f4 d6 7. Nf3 O-O 8. O-O Bg4 9. h3 Bxf3 10. Bxf3 Nd7 11. Rb1 Rb8 12. Be3 Nd4 13. Bg2 b5 14. a3 a5 15. Ne2 b4 16. axb4 axb4 17. Qd2 Qb6 18. Kh2 f5 19. exf5 Nxf5 20. Bf2 e5 21. fxe5 Nxe5 22. Nf4 Ne7 23. Ne6 Rf7 24. Nxg7 Kxg7 25. Bg1 Rbf8 26. Rxf7+ Rxf7 27. Qe2 Nf5 28. Bd5 Re7 29. Rf1 h5 30. Qd2 Nf7 31. c3 bxc3 32. bxc3 Qd8 33. d4 cxd4 34. cxd4 Qe8 35. Rf2 Re3 36. Bxf7 Qxf7 37. Rxf5 Qxf5 38. Qxe3 Qc2+ 39. Qf2 Qe4 40. Qe3 Qd5 41. Bf2 Qf7 42. Qf4 Qd5 43. Qe3 Qa2 44. Kg2 Qd5+ 45. Qf3 Qc4 46. d5 Qa2 47. h4 Qc4 48. Kh2 Qc7 49. Qe3 Qc2 50. Qd4+ Kg8 51. Qf4 Kg7 52. Kg2 Qd3 53. Qf3 Qd2 54. Kg1 Qc1+ 55. Kh2 Qd2 56. Qf4 Qxd5 57. Qd4+ Qxd4 58. Bxd4+ Kf7 59. Kg2 Ke6 60. Kf3 Kf5 61. Bg7 Ke6 62. Bf8 Kd5 63. Kf4 Kc5 64. Kg5 Kd5 65. Kxg6 Ke5 66. Kxh5 d5 67. g4 Ke4 68. Bb4 d4 69. g5 Kd3 70. g6 Kc4 71. Ba5 Kb5 72. Be1 d3 73. g7 d2 74. Bxd2 1-0

[Event "November 21 Early 2023"]
[Site "https://www.chess.com"]
[Date "2023.11.21"]
[Round "7"]
[White "Eugene, Floryan"]
[Black "Zampronha, Wladimir Camilo"]
[Result "1-0"]
[Board "118"]
[TimeControl "180+1"]
[WhiteFideId "20694784"]
[BlackFideId "2103087"]
[WhiteElo "2369"]
[BlackElo "2055"]
[WhiteTeam "FRA"]
[BlackTeam "BRA"]
[WhiteClock "0:00:17"]
[BlackClock "0:00:00"]

1. d4 Nf6 2. c4 e6 3. g4 d5 4. g5 Ne4 5. Bg2 Nxg5 6. Nc3 c6 7. h4 Ne4 8. Nxe4 dxe4 9. Bxe4 Bb4+ 10. Kf1 Be7 11. Nf3 Nd7 12. Rg1 Bf6 13. Bf4 Nb6 14. Qc2 h6 15. Rd1 Qe7 16. Ne5 Nd7 17. Qb3 Bxe5 18. dxe5 Qxh4 19. Qe3 g5 20. Bg3 Qh3+ 21. Bg2 Qf5 22. Qd4 h5 23. Rh1 h4 24. Be4 Qg4 25. Rd3 Rg8 26. Bh2 Kf8 27. Rg1 Qh5 28. Rf3 Rg7 29. Rf6 Kg8 30. Bf3 Qh7 31. Qd6 Qb1+ 32. Kg2 Qh7 33. Kh1 Kh8 34. Qe7 Nxf6 35. exf6 Rg8 36. Rg4 b6 37. Be4 Qh6 38. Bxc6 Ba6 39. Qxf7 1-0

[Event "November 21 Early 2023"]
[Site "https://www.chess.com"]
[Date "2023.11.21"]
[Round "7"]
[White "Koepke, Christian"]
[Black "Malikova777"]
[Result "0-1"]
[Board "120"]
[TimeControl "180+1"]
[WhiteFideId "4655737"]
[WhiteElo "2238"]
[BlackElo "2307"]
[WhiteTeam "GER"]
[WhiteClock "0:00:00"]
[BlackClock "0:00:13"]

1. e4 c6 2. Nc3 d5 3. Qf3 dxe4 4. Nxe4 Nf6 5. Bc4 Qd4 6. Nxf6+ Qxf6 7. Qxf6 gxf6 8. d3 Rg8 9. g3 b5 10. Bb3 a5 11. a4 b4 12. Ne2 Bg4 13. Be3 Bf3 14. Rg1 e6 15. Nd4 Bd5 16. O-O-O e5 17. Nf5 Bxb3 18. cxb3 Kd7 19. d4 Ke6 20. g4 Nd7 21. dxe5 fxe5 22. Kb1 Nf6 23. h3 h5 24. f3 hxg4 25. hxg4 Nd5 26. Rge1 Rh8 27. Bg5 f6 28. Bc1 Re8 29. f4 Kf7 30. fxe5 Rxe5 31. Rxe5 fxe5 32. Rf1 Ke6 33. Ne3 Nxe3 34. Bxe3 c5 35. Rc1 Rg8 36. g5 Be7 37. Bxc5 Bxg5 38. Re1 Bd8 39. Bd4 Rg5 40. Kc2 Rg2+ 41. Kd3 Rg3+ 42. Be3 Kd5 43. Rg1 Rh3 44. Rg8 Bb6 45. Rd8+ Bxd8 0-1

[Event "November 21 Early 2023"]
[Site "https://www.chess.com"]
[Date "2023.11.21"]
[Round "7"]
[White "Kuegel, Tobias"]
[Black "Devaev, Alexander"]
[Result "1-0"]
[Board "121"]
[TimeControl "180+1"]
[WhiteFideId "4636295"]
[BlackFideId "4169395"]
[WhiteElo "2213"]
[BlackElo "2172"]
[WhiteTeam "GER"]
[BlackTeam "RUS"]
[WhiteClock "0:00:43"]
[BlackClock "0:00:00"]

1. e4 c6 2. Nc3 d5 3. Nf3 Nf6 4. e5 Ne4 5. Ne2 e6 6. d3 Nc5 7. d4 Ncd7 8. Nf4 b6 9. h4 Ba6 10. h5 Bxf1 11. Kxf1 c5 12. c3 Nc6 13. g3 b5 14. Kg2 Qb6 15. h6 g6 16. Be3 c4 17. Ng5 Be7 18. Qg4 Bxg5 19. Qxg5 Qd8 20. Qg4 b4 21. a3 bxc3 22. bxc3 Qe7 23. Rhb1 O-O 24. Rb7 Rfb8 25. Rab1 Rxb7 26. Rxb7 Rb8 27. Nxd5 Qd8 28. Rxd7 1-0

[Event "November 21 Early 2023"]
[Site "https://www.chess.com"]
[Date "2023.11.21"]
[Round "7"]
[White "Quirke, Jeffrey"]
[Black "Grochal, Joey"]
[Result "0-1"]
[Board "122"]
[TimeControl "180+1"]
[WhiteFideId "2013029"]
[BlackFideId "1019945"]
[WhiteElo "2233"]
[BlackElo "2231"]
[WhiteTeam "USA"]
[BlackTeam "NED"]
[WhiteClock "0:00:00"]
[BlackClock "0:00:51"]

1. e4 e5 2. Nf3 Nc6 3. Nc3 Nf6 4. h3 Bc5 5. Nxe5 Bxf2+ 6. Kxf2 Nxe5 7. d4 Ng6 8. Bd3 d6 9. Re1 Be6 10. Kg1 Qe7 11. e5 dxe5 12. dxe5 Nd7 13. Be4 c6 14. a4 O-O 15. a5 Ndxe5 16. a6 b6 17. Qh5 Qh4 18. Qxh4 Nxh4 19. Bxh7+ Kxh7 20. Rxe5 Ng6 21. Re1 Rad8 22. Be3 Rd7 23. Rad1 Rfd8 24. Rxd7 Rxd7 25. Rd1 Rc7 26. Rd8 Bc4 27. h4 Bxa6 28. h5 Ne5 29. Bf4 Re7 30. Bxe5 Rxe5 31. Rd7 Bc4 32. Rxa7 Rxh5 33. Rc7 Rh6 34. Ne4 Bd5 35. Ng5+ Kg6 36. Nf3 Kf5 37. b3 b5 38. Kf2 Rd6 39. c4 Bxf3 40. Rxf7+ Ke4 0-1

[Event "November 21 Early 2023"]
[Site "https://www.chess.com"]
[Date "2023.11.21"]
[Round "7"]
[White "Semenova, Alina"]
[Black "Rodriguez Fontecha, Marcos"]
[Result "1/2-1/2"]
[Board "123"]
[TimeControl "180+1"]
[WhiteFideId "24113875"]
[BlackFideId "2256576"]
[WhiteElo "1827"]
[BlackElo "2249"]
[WhiteTeam "RUS"]
[BlackTeam "ESP"]
[WhiteClock "0:00:08"]
[BlackClock "0:00:18"]

1. e4 e6 2. d4 c5 3. d5 exd5 4. exd5 d6 5. Nf3 Nf6 6. c4 Be7 7. Bd3 O-O 8. O-O Na6 9. a3 Nc7 10. Nc3 a6 11. a4 b6 12. h3 Bb7 13. Bf4 Re8 14. Re1 Bf8 15. Qd2 Qd7 16. Nh4 g6 17. Bg5 Bg7 18. Nf3 b5 19. b3 Rxe1+ 20. Rxe1 Re8 21. Rxe8+ Qxe8 22. g4 Bc8 23. Qf4 Qe7 24. Ne4 Nce8 25. Nfd2 bxa4 26. bxa4 Bd7 27. a5 Ba4 28. Nxf6+ Bxf6 29. Bxf6 Nxf6 30. Ne4 Nxe4 31. Qxe4 Qd8 32. Qf4 Bb3 33. Kg2 Kg7 34. g5 Qe7 35. h4 Kf8 36. Qf6 Ke8 37. Qxe7+ Kxe7 38. f4 f6 39. Kf3 Kf7 40. Ke2 Kg7 41. Kd2 h6 42. Kc3 Ba4 43. Be2 Bd7 44. Kd3 Bf5+ 45. Ke3 hxg5 46. hxg5 Kf7 47. Bd1 Ke7 48. Ba4 Bh3 49. Bc2 Bf1 50. Bd3 Bxd3 51. Kxd3 fxg5 52. fxg5 Kd8 53. Ke3 Ke7 54. Kf4 Kd8 55. Ke3 Ke7 56. Kf4 Kd8 57. Ke3 1/2-1/2

[Event "November 21 Early 2023"]
[Site "https://www.chess.com"]
[Date "2023.11.21"]
[Round "7"]
[White "Skibbe, Willi"]
[Black "Spata, German"]
[Result "0-1"]
[Board "124"]
[TimeControl "180+1"]
[WhiteFideId "4682190"]
[BlackFideId "113026"]
[WhiteElo "2276"]
[BlackElo "2260"]
[WhiteTeam "GER"]
[BlackTeam "ARG"]
[WhiteClock "0:00:58"]
[BlackClock "0:01:35"]

1. e4 e6 2. d4 d5 3. exd5 exd5 4. h3 Nf6 5. Nf3 Bf5 6. c4 c6 7. Nc3 Be7 8. c5 O-O 9. Bd3 Ne4 10. g4 Bg6 11. Ne5 Nxc3 12. bxc3 Nd7 13. Nxg6 fxg6 14. O-O Nf6 15. Bf4 Ne4 16. Bxe4 Rxf4 17. Bg2 Bh4 18. Qc2 Qf6 19. Rae1 Rf8 20. Re2 h5 21. gxh5 gxh5 22. Qd2 Bg5 23. Qb2 Rf7 24. a4 Rh4 25. Re8+ Kh7 26. Qc2+ g6 27. Qe2 Bf4 28. Qe6 Qxe6 29. Rxe6 Bd2 30. Rd1 Bxc3 31. Rd3 Bxd4 32. Rg3 Bxf2+ 0-1

[Event "November 21 Early 2023"]
[Site "https://www.chess.com"]
[Date "2023.11.21"]
[Round "7"]
[White "Jakubowski, Krzysztof"]
[Black "Figorito, Nick"]
[Result "1-0"]
[Board "126"]
[TimeControl "180+1"]
[WhiteFideId "1112848"]
[BlackFideId "30923689"]
[WhiteElo "2369"]
[BlackElo "2386"]
[WhiteTeam "POL"]
[BlackTeam "USA"]
[WhiteClock "0:01:21"]
[BlackClock "0:00:10"]

1. e4 e6 2. d4 d5 3. Nc3 Bb4 4. e5 c5 5. a3 Bxc3+ 6. bxc3 Ne7 7. Nf3 b6 8. Bb5+ Bd7 9. Bd3 Nbc6 10. h4 h6 11. h5 c4 12. Be2 Qc7 13. Bf4 O-O-O 14. Qd2 Kb7 15. Nh2 Na5 16. Bg4 Ba4 17. Bh3 Qc6 18. Ng4 Qb5 19. O-O Qd7 20. Bh2 Nf5 21. Kh1 Qe7 22. Rfe1 Qh4 23. Ne3 Nxe3 24. Rxe3 Qxh5 25. Rg3 g5 26. Rf1 Qg6 27. f4 Qxc2 28. Qxc2 Bxc2 29. fxg5 Bg6 30. Rf6 hxg5 31. Bxe6 Be4 32. Bxf7 Rh4 33. Kg1 Rdh8 34. Rh3 Rxh3 35. gxh3 Rxh3 36. e6 Nc6 37. Be8 Rh8 38. Rf7+ Kc8 39. Bxc6 g4 40. Rxa7 1-0

[Event "November 21 Early 2023"]
[Site "https://www.chess.com"]
[Date "2023.11.21"]
[Round "7"]
[White "GatoRojo150"]
[Black "Dishman, Stephen"]
[Result "1-0"]
[Board "127"]
[TimeControl "180+1"]
[BlackFideId "403024"]
[WhiteElo "2568"]
[BlackElo "2204"]
[BlackTeam "ENG"]
[WhiteClock "0:01:00"]
[BlackClock "0:00:19"]

1. e4 c6 2. Nc3 d5 3. Nf3 dxe4 4. Nxe4 Nf6 5. Qe2 Nxe4 6. Qxe4 Nd7 7. Bc4 Nf6 8. Ne5 e6 9. Qe2 b5 10. Bd3 Qc7 11. b3 Bd6 12. Bb2 Nd5 13. O-O Nf4 14. Qe3 Nxd3 15. Nxd3 O-O 16. Be5 Bxe5 17. Nxe5 c5 18. Rae1 Bb7 19. c4 b4 20. d4 cxd4 21. Qxd4 Rfd8 22. Qh4 a5 23. Re3 a4 24. Ng4 axb3 25. axb3 Qc6 26. Rg3 Kh8 27. Nf6 h6 28. Qg4 g6 29. Qf4 Kg7 30. Ng4 Rh8 31. Qf6+ Kg8 32. Ne5 Qc7 33. Nxg6 fxg6 34. Rxg6+ Kh7 35. Rxh6+ Kg8 36. Rxh8# 1-0

[Event "November 21 Early 2023"]
[Site "https://www.chess.com"]
[Date "2023.11.21"]
[Round "7"]
[White "NelsonLinda"]
[Black "Sharafiev, Azat"]
[Result "1-0"]
[Board "128"]
[TimeControl "180+1"]
[BlackFideId "4186214"]
[WhiteElo "2558"]
[BlackElo "2306"]
[BlackTeam "RUS"]
[WhiteClock "0:01:21"]
[BlackClock "0:00:30"]

1. b3 Nf6 2. Bb2 d5 3. g3 c6 4. Bg2 g6 5. Nf3 Bg7 6. O-O O-O 7. d3 Bg4 8. Nbd2 Nbd7 9. e4 dxe4 10. dxe4 Nb6 11. Re1 Qd7 12. Qc1 Rad8 13. a4 a5 14. Bc3 Nc8 15. Bxa5 b6 16. Bc3 Bh6 17. Qb2 Bh3 18. Bh1 Qg4 19. Nc4 Nxe4 20. Nfe5 Qh5 21. Bxe4 b5 22. Bf3 Qf5 23. Ne3 Qe6 24. Nxc6 Rd6 25. Ng4 Bxg4 26. Rxe6 Bxe6 27. axb5 Nb6 28. Nxe7# 1-0

[Event "November 21 Early 2023"]
[Site "https://www.chess.com"]
[Date "2023.11.21"]
[Round "7"]
[White "vinclat"]
[Black "FREDERICKtheMATE"]
[Result "0-1"]
[Board "129"]
[TimeControl "180+1"]
[WhiteElo "2376"]
[BlackElo "2552"]
[WhiteClock "0:00:23"]
[BlackClock "0:01:59"]

1. e4 c5 2. Nf3 Nc6 3. d4 cxd4 4. Nxd4 Nf6 5. Nc3 e5 6. Ndb5 d6 7. Bg5 a6 8. Na3 b5 9. Nd5 Be7 10. Bxf6 Bxf6 11. c3 O-O 12. Nc2 Rb8 13. h4 g6 14. g3 Bg7 15. Nce3 Be6 16. Bg2 a5 17. O-O b4 18. f4 bxc3 19. bxc3 exf4 20. Nxf4 Bxc3 21. Rc1 Bd4 22. Qd3 Qb6 23. Rfe1 Ne5 24. Qe2 Ng4 25. Nxe6 fxe6 26. Qxg4 Bxe3+ 27. Kh2 Bxc1 28. Qxe6+ Kh8 29. Rxc1 Qf2 30. Qxd6 Rb2 31. Qe5+ Qf6 32. Qxa5 Rxg2+ 33. Kxg2 Qb2+ 34. Kh3 Qxc1 35. Qe5+ Kg8 36. Qe6+ Rf7 37. Qe8+ Kg7 38. Qe5+ Kf8 39. Qh8+ Ke7 40. Qe5+ Kd8 41. Qd5+ Rd7 42. Qa8+ Ke7 43. Qh8 Qh1+ 44. Kg4 Qxe4+ 45. Kg5 Qf5+ 0-1

[Event "November 21 Early 2023"]
[Site "https://www.chess.com"]
[Date "2023.11.21"]
[Round "7"]
[White "Herzog2012"]
[Black "Mejia, Cherry Ann"]
[Result "0-1"]
[Board "130"]
[TimeControl "180+1"]
[BlackFideId "5206880"]
[WhiteElo "2541"]
[BlackElo "2009"]
[BlackTeam "PHI"]
[WhiteClock "0:00:08"]
[BlackClock "0:00:12"]

1. d4 d5 2. c4 dxc4 3. e3 e5 4. Bxc4 exd4 5. exd4 Nf6 6. Nf3 Bd6 7. O-O O-O 8. Nc3 h6 9. h3 a6 10. Ne5 c5 11. Nxf7 Rxf7 12. dxc5 Bc7 13. Qb3 Qf8 14. Be3 Nc6 15. Qc2 Ne5 16. Bb3 Kh8 17. Bxf7 Qxf7 18. Bf4 Nf3+ 19. Kh1 Bxf4 20. Qe2 Nd4 21. Qd3 Nc6 22. Rfe1 Be6 23. Rad1 Rd8 24. Qf3 Rxd1 25. Rxd1 Bc7 26. Ne4 Nxe4 27. Qxe4 Bf5 28. Qf3 Kg8 29. Re1 Be6 30. Qe4 Bd5 31. Qh4 Qd7 32. Qh5 Bf7 33. Qf3 Qd5 34. Re8+ Kh7 35. Qxd5 Bxd5 36. a3 Be5 37. b4 Bb2 38. a4 Nxb4 39. Rd8 Bc6 40. Kh2 a5 41. g3 Na6 42. Ra8 Nxc5 43. Ra7 Nxa4 44. Rxa5 Nc3 45. Ra7 Nd5 46. f4 Bd4 47. Ra8 b5 48. Rc8 Nb4 49. f5 Be5 50. h4 Bb7 51. Rc5 Bf6 52. Rxb5 Be4 53. Rxb4 Bxf5 54. g4 Be5+ 55. Kh3 Bd7 56. Re4 Bf6 57. h5 Kg8 58. Kg3 Kf7 59. Re2 Bc6 60. Kf4 Be7 61. Kg3 Bd6+ 62. Kh4 Kf6 63. Rf2+ Ke7 64. Re2+ Kf7 65. Ra2 Be7+ 66. Kh3 Bd5 67. Ra6 Be6 68. Kg3 Bf6 69. Kf4 Ke7 70. Ra7+ Kd6 71. Kg3 Be5+ 72. Kh3 Kd5 73. Ra6 Bf6 74. Kg3 Ke5 75. Ra5+ Kd6 76. Ra6+ Ke7 77. Kf4 Bg5+ 78. Kg3 Kf7 79. Ra7+ Kf6 80. Kh3 Bf7 81. Ra6+ Ke7 82. Ra5 Be6 83. Ra8 Kf6 84. Rf8+ Bf7 85. Rd8 Ke6 86. Rb8 Bf6 87. Kg3 Be5+ 88. Kh4 Bxb8 89. g5 Bf4 90. g6 Bg8 91. Kg4 Bg5 92. Kf3 Kf5 93. Kg3 Bd5 94. Kh3 Bf3 95. Kg3 Bxh5 96. Kh2 Bxg6 97. Kh3 h5 98. Kg3 h4+ 99. Kh3 Bh5 100. Kh2 Bg4 101. Kg2 Bf4 102. Kf2 h3 103. Kg1 Bf3 104. Kf2 h2 105. Kxf3 h1=Q+ 106. Ke2 Qe4+ 107. Kd1 Qg2 108. Ke1 Ke4 109. Kd1 Kd3 110. Ke1 Qe2# 0-1

[Event "November 21 Early 2023"]
[Site "https://www.chess.com"]
[Date "2023.11.21"]
[Round "7"]
[White "mkllnd1517"]
[Black "NovoselovRoman"]
[Result "0-1"]
[Board "131"]
[TimeControl "180+1"]
[WhiteElo "2363"]
[BlackElo "2525"]
[WhiteClock "0:00:01"]
[BlackClock "0:00:22"]

1. Nf3 d5 2. b3 Nf6 3. Bb2 Nc6 4. d4 Bg4 5. Nbd2 e6 6. e3 Bd6 7. Bd3 Ne7 8. O-O c6 9. c4 Ng6 10. h3 Bh5 11. g4 Nxg4 12. hxg4 Bxg4 13. Be2 h5 14. Ne5 Qh4 15. Qe1 Bxe5 16. dxe5 Bh3 17. f4 Bxf1 18. Qxh4 Nxh4 19. Bxf1 O-O-O 20. cxd5 cxd5 21. Ba3 Nf5 22. Kf2 Kb8 23. Bd3 g6 24. Nf3 Rc8 25. Bxf5 gxf5 26. Ng5 Rc2+ 27. Kf3 h4 28. Nxf7 Rh5 29. Bd6+ Kc8 30. Rg1 b6 31. Rg8+ Kb7 32. Nd8+ Ka6 33. Nxe6 h3 34. Rg1 h2 35. Rh1 Rh4 36. Ng5 Rg4 37. e6 Rcg2 38. e4 R4g3# 0-1

[Event "November 21 Early 2023"]
[Site "https://www.chess.com"]
[Date "2023.11.21"]
[Round "7"]
[White "KorolDimitriy75"]
[Black "Silva Lucena, Cristian"]
[Result "0-1"]
[Board "133"]
[TimeControl "180+1"]
[BlackFideId "2232588"]
[WhiteElo "2340"]
[BlackElo "2248"]
[BlackTeam "ESP"]
[WhiteClock "0:00:00"]
[BlackClock "0:00:11"]

1. d4 Nf6 2. c4 g6 3. Nc3 Bg7 4. e4 d6 5. Nf3 O-O 6. Be2 e5 7. dxe5 dxe5 8. Qxd8 Rxd8 9. Bg5 Re8 10. O-O-O h6 11. Bh4 Na6 12. Ne1 c6 13. f3 Nc5 14. Nc2 Ne6 15. Rd2 Nh5 16. Bf2 Nhf4 17. Bf1 Ng5 18. h4 Nge6 19. g3 Nh5 20. Bh3 Nf6 21. Rhd1 h5 22. Be3 Nh7 23. b4 a5 24. a3 axb4 25. axb4 Nhf8 26. Kb2 Bf6 27. Kb3 Kg7 28. c5 Nd4+ 29. Nxd4 exd4 30. Bxd4 Bxh3 31. Bxf6+ Kxf6 32. Rd6+ Be6+ 33. Kb2 Ke7 34. f4 Red8 35. e5 Bf5 36. Kb3 Ne6 37. Na4 Bc2+ 38. Kxc2 Rxa4 39. Kb3 Raa8 40. R1d2 Nc7 41. Rd1 Nb5 42. Re1 Ra3+ 43. Kb2 Rxg3 44. Red1 Nxd6 45. exd6+ Kd7 46. Ra1 Rf3 47. Ra7 Rb8 48. Kc2 Rxf4 49. Kc3 Rxh4 50. Ra2 Re4 51. Rf2 f5 52. Rg2 Re6 53. Kd4 h4 54. Rh2 g5 55. Rg2 g4 56. Rf2 h3 57. Rxf5 h2 58. Rf7+ Ke8 59. Rh7 g3 60. Rh8+ Kf7 61. Rxb8 h1=Q 62. Rxb7+ Kf6 63. d7 Qd5+ 64. Kc3 Re3+ 65. Kb2 Qb3+ 66. Kc1 Rc3+ 67. Kd2 Qb2+ 0-1

[Event "November 21 Early 2023"]
[Site "https://www.chess.com"]
[Date "2023.11.21"]
[Round "7"]
[White "Der_Balak_3Halak"]
[Black "Orlov, Georgi"]
[Result "0-1"]
[Board "135"]
[TimeControl "180+1"]
[BlackFideId "2011271"]
[WhiteElo "2319"]
[BlackElo "2489"]
[BlackTeam "USA"]
[WhiteClock "0:00:00"]
[BlackClock "0:00:18"]

1. b3 c5 2. Bb2 Nc6 3. e4 d6 4. Nf3 e6 5. g3 Nf6 6. d3 Be7 7. Nbd2 O-O 8. Bg2 a6 9. O-O Qc7 10. Re1 e5 11. Nc4 g6 12. a4 b6 13. Bc1 Ne8 14. Bh6 Ng7 15. Ne3 Be6 16. Ng5 Rab8 17. Nxe6 fxe6 18. c3 Rf7 19. Bh3 Rbf8 20. Rf1 Nd8 21. Ra2 Kh8 22. Ng4 Rg8 23. Be3 Re8 24. Nh6 Rff8 25. f4 exf4 26. gxf4 Bf6 27. d4 cxd4 28. cxd4 Qc3 29. Qd2 Qxd2 30. Rxd2 Nc6 31. Ng4 Bd8 32. Rc1 Na5 33. b4 Nb3 34. Rdc2 Nxc1 35. Rxc1 Nh5 36. Rc6 Nxf4 37. Bf1 a5 38. b5 d5 39. e5 h5 40. Nf6 Bxf6 41. Bxf4 Bh4 42. Bh6 Rf5 43. Rxb6 Bf2+ 44. Kg2 Bxd4 45. Rb7 Rf2+ 46. Kg3 Rxf1 47. Bg7+ Kg8 48. Bf6 Rxf6 49. exf6 Bxf6 50. Ra7 d4 51. Rxa5 d3 52. Ra7 d2 53. Rd7 Rd8 0-1